AoeStats
← Ciccio Grigiotto

Arena

510625605Analyzed
3v3 RM · 2d ago on Oct 1, 2026· 19m 5s· 6 players
Game mode
Random Map
Map size
Normal (6 player)
Population
200
Speed
Normal
Resources
Standard
Victory
Conquest
Starting age
Dark Age
Ending age
Imperial Age
RankedLock teamsTeams togetherTeam positionsShared explorationLock speedFull tech treeHidden civsTurbo modeCheats
Victory
Defeat
🇮🇹 Italians · Italy
943
+16
🇮🇹 Danes · Italy
854
+19
🇮🇹 Goths · Italy
850
+19
🇵🇪 Chinese · Peru
976
-20
911
-17
🇺🇸 Danes · United States
895
-17
DitchFish6084
drip_trpz #Grandma Peek
MapacheZebra
0:27 Loom
10:48 Feudal Age
12:34 Double-Bit Axe
12:31 Horse Collar
14:02 Wheelbarrow
ILTAV
11:42 Feudal Age
13:18 Feudal Age
16:48 Castle Age
16:47 Man-at-Arms
17:23 Long Swordsman
holly1985
11:45 Feudal Age
16:02 Castle Age
14:39 Wheelbarrow
13:51 Loom
14:04 Double-Bit Axe
Ciccio Grigiotto
10:36 Feudal Age
14:27 Castle Age
13:02 Loom
16:21 Double-Bit Axe
16:29 Gold Mining
Connection lost

Rejoining the realm…

Still unreachable

The connection could not be restored.

Session expired

The server has moved on; the page needs a fresh start.